 Dungeon Crawl Stone Soup version 0.29.1-13-g9f3cf754e1 (webtiles) character file.

Game seed: 13076803855096846764

56 mopl the Ruffian (level 3, -4/32 HPs)
             Began as a Troll Arcane Marksman on Feb 10, 2023.
             Slain by a goblin
             ... wielding a +0 club
             ... led by Robin
              (6 damage)
             ... on level 2 of the Dungeon.
             The game lasted 00:01:31 (1100 turns).

mopl the Ruffian (Troll Arcane Marksman)            Turns: 1100, Time: 00:01:32

Health: -4/32      AC:  4    Str: 20    XL:     3   Next: 71%
Magic:  3/3        EV:  9    Int:  9    God:
Gold:   37         SH:  0    Dex: 10    Spells: 3/4 levels left

rFire   . . .      SeeInvis .     - Unarmed
rCold   . . .      Faith    .   (no shield)
rNeg    . . .      Spirit   .   c - +0 robe
rPois   .          Reflect  .   (helmet restricted)
rElec   .          Harm     .   (no cloak)
rCorr   +          Rampage  .   (gloves unavailable)
Will    .....                   (boots unavailable)
Stlth   +.........              (no amulet)
HPRegen 0.90/turn               e - ring of resist corrosion
MPRegen 0.08/turn               (no ring)

@: no status effects
A: large, unfitting armour, claws 3, regeneration 1, shaggy fur 1, tough skin 1
a: no special abilities


You were on level 2 of the Dungeon.
You visited 1 branch of the dungeon, and saw 2 of its levels.

You collected 37 gold pieces.

Inventory:

Hand Weapons
 a - a +1 sling
Missiles
 i - 7 stones
 j - 4 boomerangs of dispersal
Armour
 c - a +0 robe (worn)
Magical Staves
 l - a staff of earth
Jewellery
 e - a ring of resist corrosion (left claw)
Scrolls
 b - 2 scrolls of poison
 f - a scroll of vulnerability {unknown}
 g - 4 scrolls of identify {unknown}
 h - a scroll of teleportation {unknown}
 k - a scroll of enchant weapon {unknown}
Potions
 d - 2 potions of brilliance {unknown}
 m - a potion of heal wounds {unknown}


   Skills:
 - Level 0.7 Fighting
 - Level 1.2 Ranged Weapons
 - Level 1.5 Dodging
 + Level 3.4 Unarmed Combat
 - Level 1.0 Spellcasting
 - Level 2.0 Hexes


You had 3 spell levels left.
You knew the following spells:

 Your Spells              Type           Power      Damage    Failure   Level
a - Slow                  Hex            16%        N/A       16%         1

Your spell library contained the following spells:

 Spells                   Type           Power      Damage    Failure   Level
 Inner Flame              Hex/Fire       2%         N/A       58%         3
 Portal Projectile        Hex/Tloc       4%         N/A       58%         3
 Cause Fear               Hex            2%         N/A       85%         4


Dungeon Overview and Level Annotations

Branches:
Dungeon (2/15)

Altars:

Annotations:
D:2 Robin


Innate Abilities, Weirdness & Mutations

You are too large for most types of armour.
You have claws for hands.
Your natural rate of healing is unusually fast.
You are covered in fur. (AC +1)
You have tough skin. (AC +1)


Message History

The goblins go into a battle-frenzy!
The goblin attacks as you move away! The goblin closely misses you.
The goblin attacks as you move away! The goblin hits you with a +0 club.
The goblin attacks as you move away! The goblin barely misses you.
A dart slug comes into view.
The goblin hits you with a +0 club. Robin throws the goblin at you!
The goblin hits you but does no damage.
You completely miss the goblin. The goblin barely misses you.
Robin throws the goblin at you! The goblin hits you with a +0 club.
You claw the goblin!
You kill the goblin!
The goblin hits you with a +0 dagger. The goblin barely misses you.
You barely miss the goblin. The goblin hits you with a +0 dagger.
The goblin hits you with a +0 club. The goblin barely misses you.
You claw the goblin!
You kill the goblin!
The goblin completely misses you. The goblin hits you with a +0 club.
The goblin attacks as you move away! The goblin hits you with a +0 club.
The goblin no longer looks unusually strong.
The goblin hits you but does no damage.
Robin hits you from afar with a +0 spear.
The dart slug barely misses you.
Things that are here:
a +0 dagger; a goblin corpse You scratch the dart slug.
The dart slug is moderately wounded.
Robin hits you from afar with a +0 spear.
The goblin closely misses you. The goblin hits you but does no damage.
You claw the dart slug!
You kill the dart slug!
Robin throws the goblin at you! The goblin hits you with a +0 club.
* * * LOW HITPOINT WARNING * * *
Robin hits you from afar with a +0 spear.
* * * LOW HITPOINT WARNING * * *
The goblin hits you with a +0 club.
* * * LOW HITPOINT WARNING * * *
Things that are here:
a viscous coppery potion; a dart slug corpse The goblin attacks as you move away!
The goblin hits you with a +0 club.
You die...

#...............#
#.###.####.####.#.#
#...#..............
#...#..###.####.#.#
#...#..###'## #.#.#
....#.......# #.#.#
#.#.#.......# #.#.#
#.#.#.....).###g#.##.#
#.#.#......ggg.g@....#
#.#.#......gg##.#.##.#
.............##g#.#
#...#......!g##g#.#
#...#..###.#g##.#.#
...........g.##.#.#
............g)...>#
#...#.......S...#(#
#...#........#..#


You could see Robin, a hobgoblin (strong) and 7 goblins.

Vanquished Creatures
  2 adders (D:2)
  A worm (D:2)
  3 dart slugs
  A bat (D:2)
  2 endoplasms (D:1)
  2 giant cockroaches (D:1)
  8 goblins
  2 jackals (D:1)
  A quokka (D:2)
  3 frilled lizards
  2 kobolds
  A rat (D:2)
28 creatures vanquished.

Notes
Turn   | Place    | Note
-------+----------+-------------------------------------------
     0 | D:1      | mopl the Troll Arcane Marksman began the quest for the Orb.
     0 | D:1      | Reached XP level 1. HP: 18/18 MP: 1/1
   101 | D:1      | Reached skill level 1 in Unarmed Combat
   281 | D:1      | Reached XP level 2. HP: 26/26 MP: 2/2
   475 | D:1      | Reached skill level 2 in Unarmed Combat
   599 | D:1      | Found a faded altar of an unknown god.
   927 | D:2      | Reached XP level 3. HP: 26/32 MP: 3/3
   928 | D:2      | Reached skill level 3 in Unarmed Combat
  1081 | D:2      | Noticed Robin
  1100 | D:2      | Slain by a goblin

Illustrated notes

Levels and vault maps discovered:
D:1:      amcnicky_arrival_blooded_trapdoor, layout_loops_corners,
          shapermc_ecumenical_altar_acropolis
D:2:      layout_basic, amethyst_killhole, uniq_robin

Skill      XL: |  1  2  3 |
---------------+----------+-----
Unarmed Combat | 1 2 3 |  3.4
Fighting       | |  0.7
Ranged Weapons | |  1.2
Dodging        | |  1.5
Spellcasting   | |  1.0
Hexes          | |  2.0

Action                   || total
-------------------------++-------
Melee: Unarmed           ||    70
 Fire: Sling             ||     1
 Stab: Sleeping          ||     1
Armor: Robe              ||    30
Dodge: Dodged            ||    26
